 Dungeon Crawl Stone Soup version 0.31-a0-175-g9f7f995f2b (webtiles) character file.

Game seed: 18201120312594156053

202 qw the Shooter (level 5, -6/50 HPs)
             Began as a Naga Hunter on June 16, 2023.
             Mangled by a gnoll
             ... wielding a +0 halberd
              (14 damage)
             ... on level 4 of the Dungeon.
             The game lasted 00:00:52 (1849 turns).

qw the Shooter (Naga Hunter)                        Turns: 1849, Time: 00:00:52

Health: -6/50      AC:  4    Str: 13    XL:     5   Next: 80%
Magic:  5/5        EV:  9    Int:  9    God:
Gold:   242        SH:  0    Dex: 17    Spells: 4/4 levels left

rFire   . . .        Y - +1 shortbow
rCold   . . .        (shield currently unavailable)
rNeg    . . .        c - +0 leather armour
rPois   +            (no helmet)
rElec   .            (no cloak)
rCorr   .            d - +0 pair of gloves
SInv    +            (no barding)
Will    +....        (no amulet)
Stlth   ++           e - ring of willpower
HPRegen 0.28/turn    (no ring)
MPRegen 0.09/turn

%: no passive effects
@: short of breath, very slow
A: AC +1, large, see invisible, deformed body, poison resistance, slowness 2,
spit poison 1, naga tail 1
a: Spit Poison


You were on level 4 of the Dungeon.
You visited 1 branch of the dungeon, and saw 4 of its levels.

You collected 242 gold pieces.


Innate Abilities, Weirdness & Mutations

Your serpentine skin is tough. (AC +1)
You have supernaturally acute eyesight. (SInv)
Armour fits poorly on your strangely shaped body.
Your system is resistant to poisons. (rPois)
You cover ground very slowly.
You can spit poison.
You have a snake-like lower body.


   Skills:
 - Level 3.7 Fighting
 + Level 5.4 Ranged Weapons
 - Level 1.5 Dodging
 - Level 1.5 Stealth


You had 4 spell levels left.
You didn't know any spells.
Your spell library was empty.

Inventory:

Hand Weapons
 Y - a +1 shortbow (weapon)
Armour
 c - a +0 leather armour (worn)
 d - a +0 pair of gloves (worn)
Jewellery
 e - a ring of willpower (left hand)
 f - a ring of fire
 h - a +6 ring of dexterity
Potions
 a - a potion of curing
 b - a potion of cancellation {unknown}
 g - a potion of might {unknown}
 k - a potion of resistance {unknown}
 l - a potion of haste {unknown}

Dungeon Overview and Level Annotations

Branches:
Dungeon (4/15)
 Temple: D:4-7

Altars:

Annotations:
D:4 Eustachio


Message History

The white imp gestures at you. The puff of frost hits you!
1844 ||| INVOKING Spit Poison.
Aiming: Spit Poison (1% risk of failure)
Press: ? - help, Shift-Dir - straight line, f - quokka, p - white imp The splash of poison hits the quokka.
The quokka is poisoned.
The quokka is moderately wounded.
The quokka bites you. The rat bites you. The white imp hits you.
The white imp freezes you.
You shoot an arrow.
The arrow hits the white imp but does no damage.
The white imp is heavily wounded.
The quokka closely misses you.
The iron imp shouts, "Away with thee, thou grime-gilt elf-skinned minnow reeky!"
The quokka bites you. The rat closely misses you.
The white imp gestures at you. The puff of frost hits you!
You shoot an arrow. The arrow closely misses the white imp.
The arrow hits the iron imp but does no damage.
The quokka bites you. The rat completely misses you.
You shoot an arrow. The arrow hits the quokka.
The quokka is severely wounded.
The quokka barely misses you. The rat bites you. The quokka closely misses you.
You shoot an arrow. The arrow completely misses the quokka.
The arrow hits Eustachio.
Eustachio is heavily wounded.
You have got your breath back.
You kill the quokka!
The quokka's corpse disappears in a puff of smoke!
The rat barely misses you.
The gnoll hits you from afar with a +0 halberd!
The iron imp barely misses you.
1849 ||| INVOKING Spit Poison.
Aiming: Spit Poison (1% risk of failure)
Press: ? - help, Shift-Dir - straight line, f - Eustachio The splash of poison misses Eustachio.
The rat completely misses you. Eustachio barely misses you.
A gnoll comes into view. It is wielding a +0 club.
The gnoll hits you from afar with a +0 halberd!
You die...

......... ........# g..
.........### #..#
...<......#.. #..##
#........... ##.....
.#..........### 5......
.#.........##.# .g...#
........#.....###5....#
........##.##...@@....#
.....##.##.#.....r....#
.........#..###.......#
........................
..#..........##.........
.............###..####..
..............#..## .
..#.......#.###.##
............#


You could see Eustachio, an iron imp (summoned), 2 gnolls, a white imp
(summoned) and a rat (summoned).

Vanquished Creatures
  A scorpion (D:4)
  A hound (D:4)
  An iguana (D:3)
  An adder (D:2)
  2 worms
  A dart slug (D:1)
  3 orcs (D:3)
  10 bats
  2 giant cockroaches
  9 goblins
  4 hobgoblins
  12 jackals
  2 kobolds
  2 quokkas
  7 ball pythons
  2 frilled lizards (D:1)
  6 rats
66 creatures vanquished.

Notes
Turn   | Place    | Note
-------+----------+-------------------------------------------
     0 | D:1      | qw the Naga Hunter began the quest for the Orb.
     0 | D:1      | Reached XP level 1. HP: 19/19 MP: 1/1
     0 | D:1      | 0 ||| qw: Version: 0.2-a-29-g511e9b1
     0 | D:1      | 0 ||| qw: Game counter: 5780
     0 | D:1      | 0 ||| qw: Always use a shield: true
     0 | D:1      | 0 ||| qw: God list: Okawaru
     0 | D:1      | 0 ||| qw: Allow faded altars: false
     0 | D:1      | 0 ||| qw: Do Orc after D:15 true
     0 | D:1      | 0 ||| qw: Do second Lair branch before Depths: true
     0 | D:1      | 0 ||| qw: Lair rune preference: random
     0 | D:1      | 0 ||| qw: Plans: Normal
     0 | D:1      | 0 ||| PLANNING D:1-11
    11 | D:1      | 11 ||| INVOKING Spit Poison.
    48 | D:1      | 48 ||| INVOKING Spit Poison.
    60 | D:1      | 60 ||| INVOKING Spit Poison.
    61 | D:1      | Reached skill level 4 in Ranged Weapons
    61 | D:1      | Reached XP level 2. HP: 26/26 MP: 2/2
    71 | D:1      | 71 ||| INVOKING Spit Poison.
    86 | D:1      | 86 ||| INVOKING Spit Poison.
    91 | D:1      | 91 ||| INVOKING Spit Poison.
    95 | D:1      | 95 ||| INVOKING Spit Poison.
   101 | D:1      | 101 ||| INVOKING Spit Poison.
   141 | D:1      | 141 ||| INVOKING Spit Poison.
   146 | D:1      | 146 ||| INVOKING Spit Poison.
   262 | D:1      | 262 ||| INVOKING Spit Poison.
   276 | D:1      | 276 ||| INVOKING Spit Poison.
   419 | D:1      | 419 ||| DROPPING ring of wizardry.
   420 | D:1      | 420 ||| UPGRADING to ring of willpower.
   421 | D:1      | 421 ||| READING scroll labelled PAGHUDWAPT.
   422 | D:1      | 422 ||| READING scroll labelled YGIAMIUJEN.
   423 | D:1      | 423 ||| READING scroll labelled ERREUK WALOI.
   424 | D:1      | 424 ||| READING scroll labelled NEROOHAMIV.
   472 | D:1      | 472 ||| READING scroll labelled HUNADEQ FURPHIL.
   473 | D:1      | 473 ||| DROPPING scroll of butterflies.
   528 | D:2      | 528 ||| INVOKING Spit Poison.
   532 | D:2      | 532 ||| INVOKING Spit Poison.
   537 | D:2      | Reached XP level 3. HP: 24/32 MP: 3/3
   587 | D:2      | 587 ||| INVOKING Spit Poison.
   609 | D:2      | 609 ||| INVOKING Spit Poison.
   650 | D:2      | 650 ||| INVOKING Spit Poison.
   718 | D:2      | 718 ||| INVOKING Spit Poison.
   723 | D:2      | 723 ||| INVOKING Spit Poison.
   766 | D:2      | 766 ||| INVOKING Spit Poison.
   967 | D:2      | 967 ||| READING scroll labelled ELEABE ATSI.
   970 | D:2      | 970 ||| DRINKING 2 bubbling ruby potions.
   971 | D:2      | 971 ||| DRINKING 2 amethyst potions.
   972 | D:2      | 972 ||| DRINKING 2 orange potions.
   997 | D:2      | 997 ||| DROPPING potion of enlightenment.
   998 | D:2      | 998 ||| DROPPING potion of degeneration.
   999 | D:2      | 999 ||| DROPPING potion of lignification.
  1071 | D:3      | 1071 ||| INVOKING Spit Poison.
  1076 | D:3      | 1076 ||| INVOKING Spit Poison.
  1080 | D:3      | Reached skill level 5 in Ranged Weapons
  1080 | D:3      | Reached XP level 4. HP: 39/39 MP: 4/4
  1100 | D:3      | 1100 ||| INVOKING Spit Poison.
  1111 | D:3      | 1111 ||| INVOKING Spit Poison.
  1133 | D:3      | 1133 ||| INVOKING Spit Poison.
  1134 | D:3      | 1134 ||| INVOKING Spit Poison.
  1144 | D:3      | 1144 ||| INVOKING Spit Poison.
  1179 | D:3      | 1179 ||| INVOKING Spit Poison.
  1185 | D:3      | 1185 ||| INVOKING Spit Poison.
  1237 | D:3      | 1237 ||| INVOKING Spit Poison.
  1244 | D:3      | 1244 ||| INVOKING Spit Poison.
  1270 | D:3      | 1270 ||| INVOKING Spit Poison.
  1286 | D:3      | 1286 ||| INVOKING Spit Poison.
  1365 | D:3      | 1365 ||| INVOKING Spit Poison.
  1548 | D:3      | 1548 ||| INVOKING Spit Poison.
  1558 | D:3      | 1558 ||| INVOKING Spit Poison.
  1627 | D:3      | 1627 ||| UPGRADING to +0 pair of gloves.
  1632 | D:3      | 1632 ||| READING scroll labelled FORCHU MEORGHO.
  1633 | D:3      | 1633 ||| READING scroll labelled YMPITU EMUST.
  1634 | D:3      | 1634 ||| DRINKING 2 puce potions.
  1642 | D:4      | 1642 ||| INVOKING Spit Poison.
  1646 | D:4      | 1646 ||| STAIRDANCE
  1646 | D:4      | Noticed a scorpion
  1648 | D:3      | 1648 ||| INVOKING Spit Poison.
  1653 | D:3      | 1653 ||| INVOKING Spit Poison.
  1685 | D:4      | 1685 ||| STAIRDANCE
  1687 | D:3      | 1687 ||| INVOKING Spit Poison.
  1691 | D:3      | 1691 ||| INVOKING Spit Poison.
  1722 | D:4      | 1722 ||| INVOKING Spit Poison.
  1725 | D:4      | 1725 ||| INVOKING Spit Poison.
  1725 | D:4      | Killed a scorpion
  1726 | D:4      | Reached skill level 3 in Fighting
  1726 | D:4      | Reached XP level 5. HP: 42/50 MP: 5/5
  1726 | D:4      | 1726 ||| STAIRDANCE
  1729 | D:3      | 1729 ||| INVOKING Spit Poison.
  1802 | D:4      | 1802 ||| INVOKING Spit Poison.
  1807 | D:4      | 1807 ||| INVOKING Spit Poison.
  1831 | D:4      | Noticed Eustachio
  1832 | D:4      | 1832 ||| INVOKING Spit Poison.
  1838 | D:4      | 1838 ||| INVOKING Spit Poison.
  1844 | D:4      | 1844 ||| INVOKING Spit Poison.
  1848 | D:4      | HP: 7/50 [gnoll/+0 halberd (8)]
  1849 | D:4      | 1849 ||| INVOKING Spit Poison.
  1849 | D:4      | Mangled by a gnoll

Levels and vault maps discovered:
D:1:      dpeg_arrival_shrine, layout_rooms
D:2:      layout_basic
D:3:      layout_loops_cross, mrwooster_statue_mirror
D:4:      layout_cave_pools, gammafunk_temple_of_torment, uniq_sigmund,
          uniq_eustachio, uniq_robin

Skill      XL: |  1  2  3  4 |
---------------+-------------+-----
Ranged Weapons | 4 5 |  5.4
Fighting       | 3 |  3.7
Dodging        | |  1.5
Stealth        | |  1.5

Action                     |  1- 3 |  4- 6 || total
---------------------------+-------+-------++-------
   Fire: Shortbow          |    55 |    65 ||   120
Ability: Spit Poison       |    22 |    27 ||    49
    Use: Scroll            |     6 |     2 ||     8
         Potion            |     3 |     1 ||     4
 Armour: Leather armour    |     2 |    23 ||    25
  Dodge: Dodged            |     7 |    52 ||    59

Table legend:
 A = Non-vault XP
 B = Vault XP
 C = Vault XP percentage of total XP
 D = Non-vault monster count
 E = Vault monster count
 F = Vault count percentage of total count
                 A         B        C        D         E       F
            +---------+---------+-------+---------+---------+-------
      Total |     289 |       0 |   0.0 |      66 |       0 |   0.0
            +---------+---------+-------+---------+---------+-------
        D:1 |      31 |       0 |   0.0 |      20 |       0 |   0.0
        D:2 |      38 |       0 |   0.0 |      14 |       0 |   0.0
        D:3 |      87 |       0 |   0.0 |      27 |       0 |   0.0
        D:4 |     133 |       0 |   0.0 |       5 |       0 |   0.0
            +---------+---------+-------+---------+---------+-------
